 Dungeon Crawl Stone Soup version 0.25-a0-571-gb5e01bddfa (webtiles) character file.

Game seed: 15522086665255737936, levelgen mode: deterministic

1318 surprisetrex the Conjurer (level 8, -5/71 HPs)
             Began as a Yellow Draconian Conjurer on Feb 29, 2020.
             Slain by Harold
             ... wielding a +0 dire flail
              (10 damage)
             ... on level 6 of the Dungeon.
             The game lasted 00:28:31 (8056 turns).

surprisetrex the Conjurer (DrCj)                    Turns: 8056, Time: 00:28:31

Health: -5/71      AC:  8    Str: 12    XL:     8   Next: 33%
Magic:  3/11       EV: 11    Int: 17    God:
Gold:   436        SH:  0    Dex: 15    Spells: 5/11 levels left

rFire    . . .     SeeInvis .   a - +4 trident (freeze) (curse)
rCold    . . .     Gourm    +   (no shield)
rNeg     . . .     Faith    .   (armour unavailable)
rPois    .         Spirit   .   (helmet restricted)
rElec    .         Reflect  .   f - +0 cloak
rCorr    +         Harm     .   (no gloves)
MR       .....                  G - +0 pair of boots
Stlth    ++........             s - amulet of the gourmand
HPRegen  0.21/turn              E - +3 ring of slaying
MPRegen  0.12/turn              H - +4 ring of dexterity (curse)

@: drained
A: spit acid, unfitting armour, cold-blooded, acid resistance, AC +6
a: Breathe Acid


You were on level 6 of the Dungeon.
You were not hungry.

You visited 1 branch of the dungeon, and saw 7 of its levels.

You collected 436 gold pieces.

Inventory:

Hand Weapons
 a - a cursed +4 trident of freezing (weapon)
 b - a -2 hunting sling
Missiles
 e - 194 stones (quivered)
 j - 53 sling bullets
 B - 12 poisoned darts
Armour
 f - a +0 cloak (worn)
 G - a +0 pair of boots (worn)
Jewellery
 s - an amulet of the gourmand (around neck)
 C - an uncursed amulet of faith
 E - a +3 ring of slaying (left hand)
 H - a cursed +4 ring of dexterity (right hand)
Wands
 y - a wand of random effects (19)
Scrolls
 l - 3 scrolls of random uselessness {unknown}
 m - 2 scrolls of magic mapping {unknown}
 r - 3 scrolls of teleportation
 v - a scroll of remove curse
 w - a scroll of fog {unknown}
 A - a scroll of enchant weapon {unknown}
 D - a scroll of vulnerability {unknown}
Potions
 d - 2 potions of lignification {unknown}
 g - a potion of flight {unknown}
 h - a potion of resistance {unknown}
 i - a potion of magic {unknown}
 k - 3 potions of curing
 n - 2 potions of haste {unknown}
 o - 2 potions of mutation {unknown}
 p - 2 potions of brilliance {unknown}
 t - a potion of cancellation {unknown}
 u - 2 potions of ambrosia
 F - a potion of might {unknown}
Comestibles
 q - 9 rations


   Skills:
 + Level 6.3(5.3) Fighting
 - Level 5.3(4.3) Polearms
 - Level 1.7(0.8) Dodging
 - Level 1.7(0.8) Stealth
 - Level 2.0(1.0) Spellcasting
 + Level 7.3(6.2) Conjurations


You had 5 spell levels left.
You knew the following spells:

 Your Spells              Type           Power        Failure   Level  Hunger
a - Magic Dart            Conj           ###.         1%          1    ##.....
b - Searing Ray           Conj           ###...       2%          2    ###....
c - Dazzling Flash        Conj/Hex       ##....       19%         3    ####...

Your spell library contained the following spells:

 Spells                   Type           Power        Failure   Level  Hunger
 Fulminant Prism          Conj/Hex       ##........   52%         4    #####..
 Iskenderun's Mystic Bla  Conj/Tloc      ##......     52%         4    #####..


Dungeon Overview and Level Annotations

Branches:
Dungeon (7/15)
 Temple: D:4-7

Altars:
Ashenzari
Uskayaw
Xom

Shops:
D:6 %

Annotations:
D:6 Harold


Innate Abilities, Weirdness & Mutations

You can spit globs of acid.
Your golden yellow scales are hard. (AC +6)
You cannot fit into any form of body armour.
You are cold-blooded and may be slowed by cold attacks.
You are resistant to acid. (rCorr)


Message History

Aim: Harold, wielding a +0 dire flail and wearing a +0 chain mail (blind, hasn't noticed you)
The searing ray hits Harold.
Harold is lightly wounded. (Press . to maintain the ray.) Harold is no longer blind.
The searing ray hits Harold but does no damage.
Harold is lightly wounded.
Harold hits you with a +0 dire flail!
* * * LOW HITPOINT WARNING * * *
The searing ray hits Harold.
Harold is lightly wounded.
The quokka closely misses you. Harold hits you with a +0 dire flail!!
* * * LOW HITPOINT WARNING * * *
The searing ray hits Harold but does no damage.
Harold is lightly wounded.
You finish channeling your searing ray.
The quokka is no longer blind.
The quokka bites you.
* * * LOW HITPOINT WARNING * * *
Harold hits you with a +0 dire flail!
You die...

#................###..###....
#...######..##...# #..# ###..
#.### ##..###...###..# ###
###.# #..## #........## #
###...# ##..# #.........#
......#####..## ##........## #
####..........####..####....##
## ###.........##@.##
##....###. #.#####....@r##
#....##.. #.#
##.....########....... #.##
##.................>. #..#
##..............##... ##
#..#####.......####...####..
.#####.............## ##..#
##. #..##....#....#....##
#..## ## ##......#####.......#
##..# # ##....##
#.......###.∩## #


You could see Harold and a quokka.

Vanquished Creatures
  A water moccasin (D:5)
  2 ice beasts
  2 ogres
  A scorpion (D:4)
  5 wights (D:6)
  A bullfrog zombie (D:5)
  3 hounds
  A jelly (D:4)
  An orc wizard (D:5)
  2 orc priests (D:5)
  2 iguanas
  4 worker ants
  8 adders
  A shadow imp (D:5)
  3 worms
  3 dart slugs
  4 leopard geckos
  12 orcs
  A ball python (D:4)
  3 giant cockroaches
  6 hobgoblins
  16 jackals
  5 kobolds
  5 quokkas
  11 bats
  A frilled lizard (D:5)
  10 goblins
  A quokka zombie (D:5)
  8 rats
123 creatures vanquished.

Notes
Turn   | Place    | Note
-------+----------+-------------------------------------------
     0 | D:1      | surprisetrex the Draconian Conjurer began the quest for the
                  | Orb.
     0 | D:1      | Reached XP level 1. HP: 14/14 MP: 3/3
   588 | D:1      | Reached XP level 2. HP: 22/22 MP: 3/5
   641 | D:1      | Reached skill level 1 in Fighting
  1129 | D:1      | Reached XP level 3. HP: 28/28 MP: 3/6
  1175 | D:1      | Learned a level 2 spell: Searing Ray
  1606 | D:2      | Reached skill level 5 in Conjurations
  1730 | D:2      | Reached XP level 4. HP: 36/36 MP: 1/7
  1827 | D:2      | Found a shattered altar of Ashenzari.
  2198 | D:3      | Found a hide-covered altar of Uskayaw.
  2303 | D:3      | Learned a level 3 spell: Dazzling Flash
  3326 | D:4      | Reached XP level 5. HP: 44/44 MP: 4/8
  3436 | D:4      | Reached skill level 6 in Conjurations
  3720 | D:4      | You fall into a shaft and drop 1 floor!
  3720 | D:5      | Entered Level 5 of the Dungeon
  4370 | D:4      | Found a shimmering altar of Xom.
  4599 | D:5      | Noticed a water moccasin
  4612 | D:5      | Reached XP level 6. HP: 51/51 MP: 6/9
  5198 | D:5      | Reached skill level 7 in Conjurations
  5420 | D:5      | Noticed an ice beast
  5425 | D:5      | Killed an ice beast
  5425 | D:5      | Reached skill level 1 in Polearms
  5425 | D:5      | Your scales start taking on a golden yellow colour.
  5425 | D:5      | Reached XP level 7. HP: 60/60 MP: 5/10
  5425 | D:5      | Gained mutation: You are resistant to acid. (rCorr) [Yellow
                  | Draconian growth]
  5761 | D:5      | Reached skill level 5 in Fighting
  6367 | D:6      | Found a shimmering altar of Xom.
  6367 | D:6      | Found a shimmering altar of Xom.
  6383 | D:6      | Found a shimmering altar of Xom.
  6393 | D:6      | Found a shimmering altar of Xom.
  6409 | D:6      | Found a shimmering altar of Xom.
  6440 | D:6      | Found a shimmering altar of Xom.
  6663 | D:6      | Reached XP level 8. HP: 70/70 MP: 0/11
  6794 | D:6      | Found Kakhem's Food Emporium.
  6998 | D:6      | Reached skill level 5 in Polearms
  7860 | D:7      | Noticed Harold
  8056 | D:6      | Slain by Harold

Levels and vault maps discovered:
D:1:      dpeg_arrival_rooms_b, layout_loops_cross
D:2:      layout_basic, ashenzari_conservatory_becter, first_ration
D:3:      layout_loops_cross, marbit_many_paths
D:4:      layout_gridville, xom_butterflies
D:5:      minmay_general_purpose_star, layout_loops_ring,
          minmay_misc_feat_ornament
D:6:      layout_layer_cave, serial_shops, shop, xom_redecorated
D:7:      layout_cave_pools, vehumet_altar_wand_db, minmay_temple_entry_grid,
          nicolae_ossuary_entry_catacombs, minmay_bent, uniq_joseph,
          uniq_harold, uniq_crazy_yiuf_cottage, uniq_pikel

Skill      XL: |  1  2  3  4  5  6  7  8 |
---------------+-------------------------+-----
Fighting       | 1 2 3 4 5 6 |  6.3
Conjurations   | 5 6 7 |  7.3
Polearms       | 1 4 5 |  5.3
Dodging        | |  1.7
Stealth        | |  1.7
Spellcasting   | |  2.0

Action                   |  1- 3 |  4- 6 |  7- 9 || total
-------------------------+-------+-------+-------++-------
Melee: Unarmed           |    16 |       |       ||    16
       Dagger            |    31 |       |       ||    31
       Tailslap          |     2 |     8 |     2 ||    12
       Trident           |       |   158 |    34 ||   192
       Spear             |       |    20 |       ||    20
 Fire: Hunting sling     |       |    11 |       ||    11
Throw: Stone             |    11 |    17 |    13 ||    41
 Cast: Magic Dart        |    69 |    41 |    24 ||   134
       Searing Ray       |     4 |    12 |    16 ||    32
       Dazzling Flash    |       |     3 |     2 ||     5
 Abil: Breathe Acid      |       |       |     1 ||     1
  Use: Scroll            |       |     4 |     3 ||     7
       Potion            |       |       |     2 ||     2
 Stab: Sleeping          |       |     4 |       ||     4
       Invisible         |       |     1 |       ||     1
       Distracted        |       |     1 |       ||     1
  Eat: Chunk             |     4 |    10 |     5 ||    19
       Ration            |       |     1 |     2 ||     3
Armor: Skin              |    22 |    33 |    22 ||    77
Dodge: Dodged            |    38 |   106 |    45 ||   189

Table legend:
 A = Non-vault XP
 B = Vault XP
 C = Vault XP percentage of total XP
 D = Non-vault monster count
 E = Vault monster count
 F = Vault count percentage of total count
                 A         B        C        D         E       F
            +---------+---------+-------+---------+---------+-------
      Total |    1653 |     230 |  12.2 |     118 |       5 |   4.1
            +---------+---------+-------+---------+---------+-------
        D:1 |      46 |       0 |   0.0 |      24 |       0 |   0.0
        D:2 |      80 |       0 |   0.0 |      24 |       0 |   0.0
        D:3 |      63 |       3 |   4.5 |      21 |       1 |   4.5
        D:4 |     178 |       0 |   0.0 |       7 |       0 |   0.0
        D:5 |     647 |     227 |  26.0 |      29 |       4 |  12.1
        D:6 |     639 |       0 |   0.0 |      13 |       0 |   0.0
            +---------+---------+-------+---------+---------+-------
